 Dungeon Crawl Stone Soup version 0.28-a0-1184-g53156a8862 (webtiles) character file.

Game seed: 16060719203930517625

53 ytrimaz the Insei (level 3, -13/23 HPs)
             Began as an Octopode Transmuter on Dec 17, 2021.
             Engulfed by a cloud of flame (15 damage)
             ... on level 3 of the Dungeon.
             The game lasted 00:02:01 (2240 turns).

ytrimaz the Insei (Octopode Transmuter)             Turns: 2240, Time: 00:02:02

Health: -13/23     AC:  1    Str:  9    XL:     3   Next: 89%
Magic:  6/6        EV: 13    Int: 17    God:
Gold:   85         SH:  0    Dex: 12    Spells: 1/7 levels left

rFire   . . .      SeeInvis .     - Unarmed
rCold   . . .      Faith    .   (no shield)
rNeg    . . .      Spirit   .   (helmet restricted)
rPois   .          Reflect  .   (no amulet)
rElec   .          Harm     .   (no ring)
rCorr   .          Rampage  .   (no ring)
Will    .....                   (no ring)
Stlth   ++........              (no ring)
HPRegen 0.07/turn               (no ring)
MPRegen 0.10/turn               (no ring)
                                (no ring)
                                (no ring)

@: no status effects
A: almost no armour, amphibious, 8 rings, camouflage 1, gelatinous body 1,
(nimble swimmer 1), tentacles
a: no special abilities


You were on level 3 of the Dungeon.
You visited 1 branch of the dungeon, and saw 3 of its levels.

You collected 85 gold pieces.

Inventory:

Scrolls
 c - a scroll of magic mapping
Potions
 a - a potion of attraction {unknown}
 b - a potion of heal wounds {unknown}
 d - a potion of lignification {unknown}
 e - a potion of berserk rage {unknown}


   Skills:
 * Level 1.5 Fighting
 - Level 2.0 Dodging
 + Level 3.5 Unarmed Combat
 * Level 2.5 Spellcasting
 * Level 2.7 Transmutations


You had one spell level left.
You knew the following spells:

 Your Spells              Type           Power      Damage    Failure   Level
a - Beastly Appendage     Tmut           22%        N/A       6%          1
b - Wereblood             Tmut           11%        N/A       9%          2
c - Spider Form           Tmut/Pois      6%         N/A       30%         3

Your spell library contained the following spells:

 Spells                   Type           Power      Damage    Failure   Level
 Ice Form                 Ice/Tmut       6%         N/A       71%         4


Dungeon Overview and Level Annotations

Branches:
Dungeon (3/15)

Altars:

Shops:
D:1 !*


Innate Abilities, Weirdness & Mutations

You cannot wear most types of armour.
You are amphibious.
You can wear up to eight rings at the same time.
Your skin changes colour to match your surroundings (Stealth+).
Your rubbery body absorbs attacks. (AC +1, EV +1)
((You are camouflaged near water. (Stealth+)))
You have tentacles for arms and can constrict up to eight enemies at once.


Message History

You see here 5 gold pieces.
You tentacle-slap the worm but do no damage.
You grab the worm.
You pierce the worm.
The worm is lightly wounded.
Your tentacle spike disappears.
You constrict the worm. The worm bites you.
You tentacle-slap the worm but do no damage.
The worm is lightly wounded.
You constrict the worm. You tentacle-slap the worm.
The worm is moderately wounded.
You constrict the worm. The worm misses you.
You tentacle-slap the worm. You squeeze the worm!
You kill the worm!
Your magical contamination has completely faded away.
You see here a worm corpse.
Key pressed, stopping explore.
HP restored.
You see here a worm corpse.
You now have 74 gold pieces (gained 5).
d - a pink potion You now have 85 gold pieces (gained 11).
f - a scroll labelled EFYZYT KYT A kobold comes into view.
It is wielding a +0 whip.
A kobold is nearby!
A kobold is nearby!
As you read the scroll labelled EFYZYT KYT, it crumbles to dust.
The creatures around you are filled with an inner flame!
It was a scroll of immolation.
The kobold shouts!
Unknown command.
The kobold barely misses you.
You tentacle-slap the kobold.
The kobold explodes!
The fiery explosion engulfs you!!
Ouch! That really hurt!
* * * LOW HITPOINT WARNING * * *
You are engulfed in blazing flames.
Ouch! That really hurt!
You die...

......# ###.#.#
###.#.# #'#
....#.# #.###
##..#.# #.#.#
#..#.# #.#.##
#..#.# #.#§.#
####.# #.#§§#
#.# #.#@§#
#.########.#..#
#.............#
########.###.##
#........
#####.....
#######


There were no monsters in sight!

Vanquished Creatures
  An adder (D:3)
  A worm (D:3)
  A dart slug (D:1)
  2 ball pythons
  3 endoplasms (D:1)
  5 giant cockroaches
  4 hobgoblins
  A kobold (D:3)
  A quokka (D:1)
  2 bats (D:1)
  3 frilled lizards (D:1)
  6 goblins (D:1)
  7 rats
  A spectral kobold (D:2)
38 creatures vanquished.

Notes
Turn   | Place    | Note
-------+----------+-------------------------------------------
     0 | D:1      | ytrimaz the Octopode Transmuter began the quest for the
                  | Orb.
     0 | D:1      | Reached XP level 1. HP: 13/13 MP: 3/3
    97 | D:1      | Found Ivuevij's Assorted Antiques.
   268 | D:1      | Reached XP level 2. HP: 17/18 MP: 3/5
   845 | D:1      | Reached XP level 3. HP: 12/23 MP: 4/6
  1052 | D:1      | Learned a level 2 spell: Wereblood
  1056 | D:1      | Learned a level 3 spell: Spider Form
  1069 | D:1      | Found Kympieco's Distillery.
  1740 | D:2      | Found a faded altar of an unknown god.
  2240 | D:3      | Engulfed by a cloud of flame

Illustrated notes

Levels and vault maps discovered:
D:1:      elethiomel_arrival_shortcut, layout_basic, serial_shops,
          nicolae_shop_statue_plus, nicolae_shop_overgrown_old_shop,
          minmay_misc_feat_hallway
D:2:      layout_basic, dreamdust_ecumenical_altar_drowned_temple
D:3:      layout_basic, minmay_circle_x, uniq_terence

Action                   || total
-------------------------++-------
Melee: Unarmed           ||    74
       Kick              ||    18
       Constrict         ||    16
       Tentacles         ||    12
       Punch             ||     2
 Cast: Beastly Appendage ||    20
  Use: Scroll            ||     4
 Stab: Sleeping          ||     4
Armor: Skin              ||     7
Dodge: Dodged            ||    44

Table legend: (Time is in decaauts)
 A = Elapsed time spent in this place.
 B = Non-inter-level travel time spent in this place.
 C = Inter-level travel time spent in this place.
 D = Time resting spent in this place.
 E = Time spent auto-exploring this place.
 F = Levels seen in this place.
 G = Mean time per level.
                   A        B        C        D        E       F      G
               +--------+--------+--------+--------+--------+-----+--------+
         Total |   2234 |   2167 |     67 |    197 |   1648 |   3 |  744.7 |
       Dungeon |   2234 |   2167 |     67 |    197 |   1648 |   3 |  744.7 |
               +--------+--------+--------+--------+--------+-----+--------+

Top non-repeatable levels by time:
     D:1: 1393 daAuts
     D:2: 661 daAuts
     D:3: 179 daAuts
